 Dungeon Crawl Stone Soup version 0.26-a0-1164-g1a551d6a14 (webtiles) character file.

Game seed: 17252107770888459986

77 uibert the Grave Robber (level 4, 0/30 HPs)
             Began as a Demonspawn Necromancer on Dec 23, 2020.
             Succumbed to an adder's poison
             ... on level 1 of the Dungeon.
             The game lasted 00:09:19 (1647 turns).

uibert the Grave Robber (Demonspawn Necromancer)    Turns: 1647, Time: 00:09:20

Health: 0/30       AC:  2    Str:  9 (10) XL:     4   Next: 13%
Magic:  8/8        EV: 12    Int: 15 (16) God:
Gold:   48         SH:  9    Dex: 12 (13) Spells: 7/9 levels left

rFire    . . .     SeeInvis .   d - +1 spear (venom)
rCold    . . .     Faith    .   (no shield)
rNeg     . . .     Spirit   .   a - +0 robe
rPois    +         Reflect  +   (no helmet)
rElec    .         Harm     .   (no cloak)
rCorr    .         Rampage  .   (no gloves)
Will     .....                  (no boots)
Stlth    +++.......             c - amulet of reflection
HPRegen  0.00/turn              (no ring)
MPRegen  0.11/turn              (no ring)

@: lethally poisoned (0 -> -7)
A: talons 1, large bone plates 1, camouflage 1, poison resistance, powered by
death 1, inhibited regeneration, wild magic 1
a: no special abilities


You were on level 1 of the Dungeon.
You visited 1 branch of the dungeon, and saw 2 of its levels.

You collected 48 gold pieces.

Inventory:

Hand Weapons
 d - a +1 spear of venom (weapon)
Missiles
 m - 20 poisoned darts (quivered)
Armour
 a - a +0 robe (worn)
Jewellery
 c - an amulet of reflection (around neck)
Scrolls
 f - a scroll of fog {unknown}
 g - a scroll of fear {unknown}
 j - 2 scrolls of identify {unknown}
 p - 2 scrolls of teleportation {unknown}
 q - 2 scrolls of enchant weapon
Potions
 b - a potion of brilliance {unknown}
 h - a potion of flight
 o - a potion of curing {unknown}
 r - a potion of might {unknown}


   Skills:
 - Level 1.7 Dodging
 - Level 1.7 Stealth
 + Level 3.2 Spellcasting
 + Level 5.4 Necromancy


You had 7 spell levels left.
You knew the following spells:

 Your Spells              Type           Power        Failure   Level
a - Pain                  Necr           96%          4%          1
b - Animate Skeleton      Necr           48%          4%          1

Your spell library contained the following spells:

 Spells                   Type           Power        Failure   Level
 Vampiric Draining        Necr           12%          10%         3
 Animate Dead             Necr           12%          30%         4
 Agony                    Necr           24%          61%         5


Dungeon Overview and Level Annotations

Branches:
Dungeon (2/15)

Altars:

Annotations:
D:2 Natasha, Sigmund, Terence


Innate Abilities, Weirdness & Mutations

You have sharp toenails.
You are partially covered in large bone plates. (SH +4)
You regenerate a little health from kills.
Your skin changes colour to match your surroundings (Stealth+).
Your system is resistant to poisons. (rPois)
You do not regenerate when monsters are visible.
Your spells are a little harder to cast, but a little more powerful.


Message History

You block the adder's attack. The goblin hits you but does no damage.
The kobold closely misses you. The hobgoblin hits you.
* * * LOW HITPOINT WARNING * * *
Unknown command.
Unknown command.
As you read the scroll labelled MOIXAT VEUKH, it crumbles to dust.
It is a scroll of enchant weapon.
Your +0 spear of venom glows red for a moment.
The adder bites you.
* * * LOW HITPOINT WARNING * * *
You are lethally poisoned!
The adder poisons you! The goblin misses you.
The kobold hits you with a +0 short sword.
* * * LOW HITPOINT WARNING * * *
The hobgoblin closely misses you. The adder closely misses you.
Okay, then.
It was a potion of degeneration.
There was something very wrong with that liquid.
You feel weakened.
You feel dopey.
You feel clumsy.
You die...

#..............#
#..............#
#..............#
#.####........^#
#.# #......####
#.# #......# #.#
####...# #.# ##SK#
#.# #g@# #.# ##g#
#.# #.# #.# #.#
#.# #.#
######.#########.#
.............Z...#
######.###########
#.#


You could see an adder, a hobgoblin, a goblin and a kobold.

Vanquished Creatures
  3 gnolls (D:2)
  An ooze (D:2)
  3 dart slugs
  2 leopard geckos
  2 giant cockroaches (D:1)
  A hobgoblin (D:1)
  2 jackals (D:1)
  3 kobolds
  2 ball pythons (D:1)
  6 bats
  4 frilled lizards
29 creatures vanquished.

Vanquished Creatures (collateral kills)
  A gnoll (D:2)
  A giant cockroach (D:1)
  A kobold (D:1)
  A rat (D:2)
4 creatures vanquished.

Grand Total: 33 creatures vanquished

Notes
Turn   | Place    | Note
-------+----------+-------------------------------------------
     0 | D:1      | uibert the Demonspawn Necromancer began the quest for the
                  | Orb.
     0 | D:1      | Reached XP level 1. HP: 13/13 MP: 3/3
     2 | D:1      | Learned a level 1 spell: Animate Skeleton
     7 | D:1      | You fall into a shaft and drop 1 floor!
   109 | D:2      | Noticed Terence
   160 | D:1      | Gained mutation: You regenerate a little health from kills.
                  | [demonic ancestry]
   160 | D:1      | Reached XP level 2. HP: 16/19 MP: 1/5
   713 | D:1      | Gained mutation: You are partially covered in large bone
                  | plates. (SH +4) [demonic ancestry]
   713 | D:1      | Reached XP level 3. HP: 21/24 MP: 2/7
   797 | D:1      | Reached skill level 5 in Necromancy
   957 | D:2      | Noticed Sigmund
  1286 | D:2      | Gained mutation: Your system is resistant to poisons.
                  | (rPois) [potion of mutation]
  1286 | D:2      | Gained mutation: Your spells are a little harder to cast,
                  | but a little more powerful. [potion of mutation]
  1286 | D:2      | Gained mutation: You do not regenerate when monsters are
                  | visible. [potion of mutation]
  1286 | D:2      | Gained mutation: Your skin changes colour to match your
                  | surroundings (Stealth+). [potion of mutation]
  1596 | D:2      | Gained mutation: You have sharp toenails. [demonic
                  | ancestry]
  1596 | D:2      | Reached XP level 4. HP: 27/30 MP: 5/8
  1629 | D:2      | Noticed Natasha
  1646 | D:1      | HP: 1/30 [kobold/+0 short sword (3)]
  1647 | D:1      | Succumbed to an adder's poison

Illustrated notes

Levels and vault maps discovered:
D:1:      doesnt_arrival_eight_statues, layout_basic
D:2:      layout_basic, minivault_24, uniq_terence, uniq_natasha, uniq_sigmund

Skill      XL: |  1  2  3 |
---------------+----------+-----
Necromancy     | 5 |  5.4
Spellcasting   | 3 |  3.2
Dodging        | |  1.7
Stealth        | |  1.7

Action                   |  1- 3 |  4- 6 || total
-------------------------+-------+-------++-------
Melee: Unarmed           |     5 |       ||     5
       Spear             |    31 |     4 ||    35
       Dagger            |    17 |       ||    17
 Cast: Pain              |    41 |     1 ||    42
       Animate Skeleton  |    11 |     1 ||    12
  Use: Scroll            |     1 |     2 ||     3
       Potion            |     5 |     1 ||     6
Armor: Robe              |    11 |     1 ||    12
Dodge: Dodged            |    32 |    12 ||    44
Block: Other             |    24 |    11 ||    35
       Reflection        |     2 |       ||     2

Table legend: (Time is in decaauts)
 A = Elapsed time spent in this place.
 B = Non-inter-level travel time spent in this place.
 C = Inter-level travel time spent in this place.
 D = Time resting spent in this place.
 E = Time spent auto-exploring this place.
 F = Levels seen in this place.
 G = Mean time per level.
                   A        B        C        D        E       F      G
               +--------+--------+--------+--------+--------+-----+--------+
         Total |   1637 |   1500 |    137 |    382 |    419 |   2 |  818.5 |
       Dungeon |   1637 |   1500 |    137 |    382 |    419 |   2 |  818.5 |
               +--------+--------+--------+--------+--------+-----+--------+

Top non-repeatable levels by time:
     D:1: 982 daAuts
     D:2: 654 daAuts
